 Dungeon Crawl Stone Soup version 0.29.1-1-gd02db6906a (webtiles) character file.

Game seed: 13069420905861753142

16655 plokij the Carver (level 12, -3/110 HPs)
             Began as a Minotaur Fighter on Oct 20, 2022.
             Was a High Priest of Okawaru.
             Succumbed to barbed spike wounds
             ... on level 12 of the Dungeon.
             The game lasted 00:58:21 (18023 turns).

plokij the Carver (Minotaur Fighter)               Turns: 18023, Time: 00:58:21

Health: -3/110     AC: 19    Str: 23    XL:     12   Next: 12%
Magic:  10/11      EV: 11    Int:  5    God:    Okawaru [*****.]
Gold:   642        SH: 13    Dex: 19    Spells: 11/11 levels left

rFire   . . .      SeeInvis .   P - +4 scimitar (freeze)
rCold   . . .      Faith    .   Q - +0 kite shield
rNeg    . . .      Spirit   .   f - +0 plate armour
rPois   .          Reflect  .   (helmet restricted)
rElec   .          Harm     .   B - +0 cloak
rCorr   .          Rampage  .   k - +0 pair of gloves
Will    +....                   j - +0 pair of boots
Stlth   ..........              (no amulet)
HPRegen 0.28/turn               A - +6 ring of dexterity
MPRegen 0.12/turn               R - ring of willpower

@: spiked, studying Ice Magic
A: horns 2, retaliatory headbutt
a: Renounce Religion, Heroism, Finesse, Duel


You were on level 12 of the Dungeon.
You worshipped Okawaru.
Okawaru was extremely pleased with you.
You visited 2 branches of the dungeon, and saw 13 of its levels.
You also visited: Sewer.

You collected 642 gold pieces.

Inventory:

Hand Weapons
 M - a +0 shortbow
 O - a +4 long sword
 P - a +4 scimitar of freezing (weapon)
 Y - a +1 scimitar of flaming
Missiles
 c - 3 silver javelins
 e - 2 throwing nets (quivered)
Armour
 f - a +0 plate armour (worn)
 j - a +0 pair of boots (worn)
 k - a +0 pair of gloves (worn)
 y - the +1 robe of Xutzut {Harm rC+ Str+2 Dex+4}
   (You found it on level 4 of the Dungeon)

   Str:       It affects your strength (+2).
   Dex:       It affects your dexterity (+4).
   rC:        It protects you from cold.
   Harm:      It increases damage dealt and taken.
 B - a +0 cloak (worn)
 Q - a +0 kite shield (worn)
Jewellery
 A - a +6 ring of dexterity (left hand)
 H - a +6 ring of dexterity
 R - a ring of willpower (right hand)
 U - a ring of poison resistance
 Z - a ring of ice
Wands
 p - a wand of roots (9)
 C - a wand of charming (15)
 I - a wand of digging (5)
 T - a wand of light (7)
Scrolls
 a - a scroll of amnesia
 b - 7 scrolls of poison
 g - 5 scrolls of teleportation
 i - a scroll of identify
 m - a scroll of immolation
 s - 3 scrolls of enchant weapon
 t - a scroll of magic mapping
 u - 2 scrolls of fog
 x - 2 scrolls of summoning
 D - 2 scrolls of enchant armour
 N - 3 scrolls of fear
 W - a scroll of acquirement
Potions
 d - a potion of might
 h - a potion of haste
 n - 2 potions of mutation {unknown}
 o - 2 potions of degeneration {unknown}
 q - 3 potions of flight {unknown}
 r - 2 potions of magic {unknown}
 v - 2 potions of heal wounds {unknown}
 w - 4 potions of berserk rage {unknown}
 E - 4 potions of curing {unknown}
 F - a potion of invisibility {unknown}
 G - 2 potions of brilliance {unknown}
 V - 3 potions of attraction {unknown}


   Skills:
 + Level 11.1 Fighting
 + Level 11.1 Long Blades
 + Level 11.0 Armour
 + Level 10.5 Dodging
 + Level 11.1 Shields


You had 11 spell levels left.
You didn't know any spells.
Your spell library contained the following spells:

 Spells                   Type           Power      Damage    Failure   Level
 Apportation              Tloc           0%         N/A       100%        1
 Necrotise                Necr           0%         1d4       100%        1
 Sandblast                Erth           0%         2d4       100%        1
 Passwall                 Tmut/Erth      0%         N/A       100%        2
 Frozen Ramparts          Ice            0%         1d1       100%        3
 Gell's Gravitas          Tloc           0%         N/A       100%        3
 Lesser Beckoning         Tloc           0%         N/A       100%        3
 Portal Projectile        Hex/Tloc       0%         N/A       100%        3
 Stone Arrow              Conj/Erth      0%         3d7       100%        3
 Teleport Other           Tloc           0%         N/A       100%        3
 Ice Form                 Ice/Tmut       0%         N/A       100%        4
 Leda's Liquefaction      Hex/Erth       0%         N/A       100%        4
 Storm Form               Tmut/Air       0%         N/A       100%        7
 Maxwell's Capacitive Co  Air            0%         ∞         100%        8
 Summon Small Mammal      Summ           Unusable   N/A       N/A         1
 Call Canine Familiar     Summ           Unusable   N/A       N/A         3
 Summon Ice Beast         Ice/Summ       Unusable   N/A       N/A         4
 Summon Lightning Spire   Summ/Air       Unusable   N/A       N/A         4

Dungeon Overview and Level Annotations

Branches:
Dungeon (12/15)            Temple (1/1) D:4            Lair (0/5) D:8
    Orc (0/2) D:9           Sewer (visited)

Altars:
Ashenzari
Cheibriados
Dithmenos
Elyvilon
Fedhas
Gozag
Hepliaklqana
Kikubaaqudgha
Makhleb
Nemelex Xobeh
Okawaru
Qazlal
Ru
Sif Muna
Trog
Uskayaw
Vehumet
Wu Jian
Xom
Yredelemnul
Zin
The Shining One

Shops:
D:3 *   D:7 ?   D:9 !   D:10 :   D:12 ?([*

Portals:
Trove: D:12 (give +5 demon blade)

Annotations:
D:2 Natasha
D:12 1 transporter


Innate Abilities, Weirdness & Mutations

You have a pair of horns on your head.
You reflexively headbutt those who attack you in melee.


Message History

The manticore claws you.
You hit the manticore. You freeze the manticore. You headbutt the manticore.
You kill the manticore!
Okawaru accepts your kill.
The manticore flicks its tail.
The volley of spikes hits you.
The barbed spikes become lodged in your body.
The barbed spikes dig painfully into your body as you move.
The manticore flicks its tail.
The volley of spikes misses you.
You see here a manticore corpse.
Found a scroll labelled RAEZIN FOSKI.
The barbed spikes dig painfully into your body as you move.
The manticore flicks its tail.
The volley of spikes hits you.
The barbed spikes become lodged in your body.
* * * LOW HITPOINT WARNING * * *
The barbed spikes dig painfully into your body as you move.
* * * LOW HITPOINT WARNING * * *
You see here a manticore corpse.
The barbed spikes dig painfully into your body as you move.
* * * LOW HITPOINT WARNING * * *
The manticore flicks its tail.
You block the volley of spikes.
The barbed spikes dig painfully into your body as you move.
* * * LOW HITPOINT WARNING * * *
You feel like a meek peon again.
The manticore flicks its tail.
The volley of spikes hits you but does no damage.
The barbed spikes dig painfully into your body as you move.
* * * LOW HITPOINT WARNING * * *
The barbed spikes dig painfully into your body as you move.
* * * LOW HITPOINT WARNING * * *
The manticore flicks its tail.
The volley of spikes hits you!
The barbed spikes become lodged in your body.
* * * LOW HITPOINT WARNING * * *
The cyclops throws a large rock.
You block the large rock.
The barbed spikes dig painfully into your body as you move.
You die...

#..... ## ### #..#.## ##.##.#
#..#..## #.....### ##..HC.#
#.......# ###
#......#####.....# ##..
.#...†....##......######...
?......##.....##...###...##...
#...#.........##...##....#....
#.. #.##.....@#.....##...##...
. ..#....##...........∩##...
.......##..........#..##...
........##.......>......#...
.........##.##.........(.....
..............#.......#.#..
...........∩#.......#####..
.... ..........##..# #....
..... ..©..##...##....


You could see a manticore and a cyclops.

Vanquished Creatures
  Snorg (D:11)
  A boulder beetle (D:11)
  Fannar (D:11)
  A centaur warrior (D:10)
  2 two-headed ogres (D:11)
  Pikel (D:5)
  An ugly thing (D:12)
  2 cyclopes (D:12)
  A manticore (D:12)
  Joseph (D:7)
  3 gargoyles
  An unseen horror (D:11)
  A komodo dragon (D:9)
  An efreet (D:12)
  4 trolls
  2 hornets (D:9)
  2 wraiths
  9 yaks
  A shadow (D:12)
  4 vampire mosquitoes (D:12)
  A water moccasin (D:8)
  5 orc warriors
  2 ice beasts
  A black bear (D:4)
  2 sky beasts
  4 wolves (D:8)
  13 centaurs
  An ogre (D:5)
  4 lemures
  6 kobold brigands
  4 bullfrogs
  A necrophage (D:4)
  4 scorpions
  A gnoll sergeant (D:9)
  12 wights
  3 killer bees (D:9)
  3 electric eels (D:8)
  3 howler monkeys
  3 hounds (D:8)
  A gnoll bouda (D:6)
  3 orc priests
  2 jellies (D:7)
  5 iguanas
  Natasha (D:2)
  7 orc wizards
  13 gnolls
  7 adders
  A river rat (Sewer)
  2 shadow imps (D:5)
  A white imp (D:6)
  8 worms
  4 dart slugs
  23 orcs
  11 ball pythons
  10 endoplasms
  5 giant cockroaches
  11 goblins
  15 hobgoblins
  11 jackals
  23 kobolds
  9 quokkas
  4 bats
  4 frilled lizards
  6 rats
300 creatures vanquished.

Vanquished Creatures (others)
  An orc (D:8)
  19 fungi (D:3)
20 creatures vanquished.

Grand Total: 320 creatures vanquished

Notes
Turn   | Place    | Note
-------+----------+-------------------------------------------
     0 | D:1      | plokij the Minotaur Fighter began the quest for the Orb.
     0 | D:1      | Reached XP level 1. HP: 19/19 MP: 0/0
   161 | D:1      | Reached XP level 2. HP: 27/27 MP: 1/1
   648 | D:1      | Reached XP level 3. HP: 33/33 MP: 2/2
   769 | D:1      | Reached skill level 1 in Dodging
  1065 | D:2      | Found a snail-covered altar of Cheibriados.
  1256 | D:2      | Noticed Natasha
  1265 | D:2      | Killed Natasha
  1266 | D:2      | Reached XP level 4. HP: 30/39 MP: 3/3
  1595 | D:2      | Noticed Natasha
  1684 | D:3      | Identified the ring of Ycwora {Fire Dex+3}
  1934 | D:3      | Found an opulent altar of Gozag.
  1954 | D:3      | Reached XP level 5. HP: 41/47 MP: 4/4
  2094 | D:3      | Found Ahadusaq's General Store.
  2705 | D:4      | Noticed a black bear
  2717 | D:4      | Killed a black bear
  2718 | D:4      | Reached XP level 6. HP: 33/53 MP: 5/5
  2987 | D:4      | Reached skill level 5 in Long Blades
  3129 | D:4      | Reached skill level 5 in Fighting
  3185 | D:4      | Found a basalt altar of Yredelemnul.
  3196 | D:4      | Identified the +1 robe of Xutzut {Harm rC+ Str+2 Dex+4}
  3293 | D:4      | Found a staircase to the Ecumenical Temple.
  3303 | Temple   | Entered the Ecumenical Temple
  3545 | D:4      | Reached skill level 5 in Armour
  3545 | D:4      | Reached skill level 5 in Shields
  3873 | D:5      | Entered Level 5 of the Dungeon
  3897 | D:5      | Reached XP level 7. HP: 58/61 MP: 6/6
  4014 | D:5      | Found a shimmering blue altar of Sif Muna.
  4217 | D:5      | Identified the +1 ring mail of Ru's Envy {-Tele +Inv rPois
                  | Will++ Dex-5}
  4265 | D:5      | Found a glowing drain.
  4281 | Sewer    | Entered a sewer
  4890 | D:5      | Reached skill level 5 in Dodging
  4890 | D:5      | Reached XP level 8. HP: 49/70 MP: 7/7
  5089 | D:5      | Noticed Pikel
  5399 | D:5      | HP: 2/70 [Pikel/+1 whip of electrocution (2)]
  5401 | D:5      | Killed Pikel
  6659 | D:6      | Found an iron altar of Okawaru.
  6667 | D:6      | Became a worshipper of Warmaster Okawaru
  6849 | D:7      | Noticed Joseph
  6858 | D:6      | Reached XP level 9. HP: 70/78 MP: 8/8
  7405 | D:6      | Reached * piety under Okawaru
  7815 | D:7      | Killed Joseph
  8016 | D:7      | Found Vakie's Magic Scroll Shoppe.
  8139 | D:7      | Found a shimmering altar of Xom.
  9234 | D:8      | Reached ** piety under Okawaru
  9617 | D:8      | Noticed a troll
  9626 | D:8      | Killed a troll
  9627 | D:8      | Reached XP level 10. HP: 86/88 MP: 9/9
  9758 | D:8      | Found a staircase to the Lair.
  9973 | D:8      | Reached *** piety under Okawaru
 10304 | D:8      | Found a hide-covered altar of Uskayaw.
 10305 | D:8      | Found a glowing golden altar of the Shining One.
 10628 | D:9      | Found Sehuy's Distillery.
 11110 | D:9      | Found a staircase to the Orcish Mines.
 11258 | D:9      | Reached **** piety under Okawaru
 11341 | D:9      | Paralysed by a hornet for 2 turns
 11343 | D:9      | Received a gift from Okawaru
 11806 | D:9      | Identified a scroll of acquirement
 11815 | D:10     | Entered Level 10 of the Dungeon
 12584 | D:10     | Noticed a gargoyle
 12593 | D:10     | Killed a gargoyle
 12603 | D:10     | Found Waxippatt's Tremendous Tomes.
 13080 | D:11     | Noticed Snorg
 13080 | D:11     | Noticed a boulder beetle
 13284 | D:11     | Noticed a two-headed ogre
 13293 | D:11     | Killed a two-headed ogre
 13293 | D:11     | Received a gift from Okawaru
 13294 | D:11     | Reached XP level 11. HP: 60/99 MP: 10/10
 13673 | D:11     | Noticed a two-headed ogre
 13701 | D:11     | Killed a two-headed ogre
 14188 | D:11     | Noticed a centaur warrior
 14252 | D:11     | Reached ***** piety under Okawaru
 14253 | D:11     | Reached skill level 10 in Long Blades
 14466 | D:11     | You fall into a shaft and drop 1 floor!
 14467 | D:12     | Noticed a brown ugly thing
 14483 | D:12     | Killed a brown ugly thing
 14484 | D:12     | Reached skill level 10 in Fighting
 14484 | D:12     | Reached skill level 10 in Shields
 14486 | D:12     | Reached skill level 10 in Armour
 15008 | D:12     | Found Sajuc's General Store.
 15096 | D:11     | Killed a boulder beetle
 15642 | D:11     | Noticed Fannar
 15655 | D:11     | Killed Fannar
 15655 | D:11     | Received a gift from Okawaru
 15656 | D:11     | Reached skill level 10 in Dodging
 15765 | D:11     | Killed Snorg
 17113 | D:10     | Killed a centaur warrior
 17623 | D:12     | Reached XP level 12. HP: 81/108 MP: 11/11
 17806 | D:12     | Found a portal to a secret trove of treasure.
 17854 | D:12     | Found Nozujoen's Magic Scroll Boutique.
 17889 | D:12     | Found a transporter.
 17953 | D:12     | Found Ucoq's Armour Boutique.
 17971 | D:12     | Found Diel's Weapon Shoppe.
 18022 | D:12     | HP: 4/110 [manticore/volley of spikes (10)]
 18023 | D:12     | Succumbed to barbed spike wounds

Illustrated notes

Levels and vault maps discovered:
D:1:      saegor_arrival_simple_a, layout_basic, minmay_octomino_c4
D:2:      layout_rooms, basic_altar, uniq_natasha
D:3:      layout_basic, mainiacjoe_overflow_chevrons, serial_shops, shop,
          minmay_misc_feat_doors, grunt_ministairs_2
D:4:      layout_basic, mainiacjoe_overflow_surrounded_room,
          minmay_temple_entry_butterflies
D:5:      layout_cave_pools, nicolae_sif_muna_condensation,
          gup_sewer_entry_pipe, uniq_pikel
D:6:      layout_basic, okawaru_altar_gauntlet_db
D:7:      layout_layer_cave, lemuel_doored_altar, serial_shops, shop_statue,
          uniq_joseph
D:8:      layout_loops_cross, nicolae_overflow_hidden_temple, erik_lair_island
D:9:      layout_rooms, orc_0_dummy, serial_shops, nicolae_shop_waterfront
D:10:     layout_cave_pods, nicolae_shop_i_like_big_books,
          chequers_serial_rivers_micro_d
D:11:     layout_cave_pools, uniq_fannar, uniq_snorg
D:12:     gammafunk_beogh_shrine, layout_cave_pools,
          nicolae_trove_entry_crystal, serial_shops, shop,
          nicolae_lakefront_shop, shop, shop
Temple:   nicolae_temple_bog_church

Skill      XL: |  1  2  3  4  5  6  7  8  9 10 11 12 |
---------------+-------------------------------------+-----
Long Blades    | 3 4 5 6 8 9 11 | 11.1
Dodging        | 1 2 3 5 6 7 9 10 | 10.5
Shields        | 4 5 6 8 9 10 11 | 11.1
Fighting       | 4 5 6 8 9 10 11 | 11.1
Armour         | 4 5 6 8 9 10 11 | 11.0

Action                   |  1- 3 |  4- 6 |  7- 9 | 10-12 || total
-------------------------+-------+-------+-------+-------++-------
Melee: Long sword        |    90 |   148 |   325 |       ||   563
       Headbutt          |    13 |    23 |    87 |   100 ||   223
       Scimitar          |       |       |    74 |   362 ||   436
Invok: Heroism           |       |       |       |     8 ||     8
  Use: Potion            |       |       |     1 |     3 ||     4
       Scroll            |       |       |       |    14 ||    14
Armor: Scale mail        |     1 |       |       |       ||     1
       Plate armour      |    61 |   101 |   184 |   213 ||   559
Dodge: Dodged            |    35 |    47 |   125 |   177 ||   384
Block: Buckler           |    15 |    28 |   101 |    39 ||   183
       Kite shield       |       |       |       |   209 ||   209
